 Dungeon Crawl Stone Soup version 0.27-a0-1281-ge233d83751 (webtiles) character file.

Game seed: 8189757624084731622

16648 27snakeeyes612 the Blocker (level 12, -12/67 HPs)
             Began as a Vine Stalker Fighter on June 14, 2021.
             Was a Priest of Makhleb.
             Killed by divine providence
             ... invoked by a meliai
              (15 damage)
             ... on level 12 of the Dungeon.
             The game lasted 00:09:19 (9830 turns).

27snakeeyes612 the Blocker (Vine Stalker Fighter)   Turns: 9830, Time: 00:09:19

Health: -12/67     AC: 20    Str: 22    XL:     12   Next: 39%
Magic:  0/13       EV:  7    Int:  8    God:    Makhleb [***...]
Gold:   496        SH: 12    Dex: 13    Spells: 11/11 levels left

rFire    x . .     SeeInvis .   a - +0 war axe (elec)
rCold    + . .     Faith    .   c - +0 kite shield
rNeg     + . .     Spirit   +   O - +6 chain mail of the Worm {rPois rN+ Dex-3}
rPois    +         Reflect  .   h - +0 helmet
rElec    .         Harm     .   m - +0 cloak {rCorr}
rCorr    +         Rampage  .   (no gloves)
Will     +....                  (no boots)
Stlth    ..........             A - amulet of regeneration
HPRegen  2.21/turn              k - ring of ice
MPRegen  0.13/turn              (no ring)

@: lethally poisoned (-12 -> -12)
A: fangs 3, regeneration 1, magic shield, antimagic bite, no potion heal 2
a: Renounce Religion, Minor Destruction, Lesser Servant of Makhleb


You were on level 12 of the Dungeon.
You worshipped Makhleb.
Makhleb was most pleased with you.
You visited 1 branch of the dungeon, and saw 12 of its levels.
You also visited: Ossuary.

You collected 496 gold pieces.

Inventory:

Hand Weapons
 a - a +0 war axe of electrocution (weapon)
 B - a +0 morningstar
 C - a +1 hand axe of electrocution
Missiles
 L - 6 javelins
 N - a curare-tipped dart
 Q - 7 atropa-tipped darts
Armour
 b - a +0 scale mail
 c - a +0 kite shield (worn)
 h - a +0 helmet (worn)
 i - a +0 chain mail
 m - a +0 cloak of preservation (worn)
 M - a +1 chain mail of fire resistance
 O - the +6 chain mail of the Worm (worn) {rPois rN+ Dex-3}
   (You found it on level 12 of the Dungeon)

   It affects your dexterity (-3).
   It protects you from poison.
   It protects you from negative energy.
Jewellery
 k - a ring of ice (left hand)
 y - a ring of flight
 A - an amulet of regeneration (around neck)
 E - an amulet of guardian spirit
 P - a +6 ring of dexterity
 R - a ring of ice
Wands
 e - a wand of paralysis (7)
 n - a wand of acid (3) (quivered)
 D - a wand of polymorph (15)
 F - a wand of flame (12)
 H - a wand of mindburst (6)
Scrolls
 j - 2 scrolls of teleportation
 o - a scroll of amnesia
 u - 4 scrolls of fog
 G - 5 scrolls of identify
 J - a scroll of acquirement {unknown}
 K - 2 scrolls of blinking {unknown}
Potions
 d - a potion of might
 f - a potion of mutation
 g - 5 potions of curing
 l - 4 potions of flight
 p - a potion of ambrosia
 q - 2 potions of heal wounds
 r - 3 potions of degeneration
 s - 5 potions of haste {unknown}
 t - 3 potions of lignification {unknown}
 v - 4 potions of magic {unknown}
 w - a potion of resistance {unknown}
 x - 2 potions of attraction {unknown}
 z - 3 potions of invisibility {unknown}
 I - a potion of brilliance {unknown}


   Skills:
 + Level 9.6 Fighting
 + Level 9.6 Axes
 + Level 8.8 Armour
 - Level 0.6 Dodging
 + Level 9.6 Shields


You had 11 spell levels left.
You didn't know any spells.
Your spell library contained the following spells:

 Spells                   Type           Power      Damage    Failure   Level
 Apportation              Tloc           0%         N/A       99%         1
 Corona                   Hex            0%         N/A       99%         1
 Freeze                   Ice            0%         1d3       99%         1
 Shock                    Conj/Air       0%         1d3       99%         1
 Ensorcelled Hibernation  Hex/Ice        0%         N/A       100%        2
 Slow                     Hex            0%         N/A       100%        2
 Static Discharge         Conj/Air       0%         N/A       100%        2
 Confusing Touch          Hex            0%         N/A       100%        3
 Dazzling Flash           Conj/Hex       0%         N/A       100%        3
 Frozen Ramparts          Ice            0%         1d2       100%        3
 Inner Flame              Hex/Fire       0%         N/A       100%        3
 Lesser Beckoning         Tloc           0%         N/A       100%        3
 Ozocubu's Armour         Ice            0%         N/A       100%        3
 Portal Projectile        Hex/Tloc       0%         N/A       100%        3
 Swiftness                Air            0%         N/A       100%        3
 Tukima's Dance           Hex            0%         N/A       100%        3
 Airstrike                Air            0%         N/A       100%        4
 Cause Fear               Hex            0%         N/A       100%        4
 Hailstorm                Conj/Ice       0%         3d3       100%        4
 Leda's Liquefaction      Hex/Erth       0%         N/A       100%        4
 Alistair's Intoxication  Tmut/Pois      0%         N/A       100%        5
 Lightning Bolt           Conj/Air       0%         1d11      100%        5
 Metabolic Englaciation   Hex/Ice        0%         N/A       100%        5
 Invisibility             Hex            0%         N/A       100%        6


Dungeon Overview and Level Annotations

Branches:
Dungeon (12/15)            Temple (0/1) D:7            Lair (0/6) D:9
    Orc (0/2) D:12        Ossuary (visited)

Altars:
Fedhas
Gozag
Kikubaaqudgha
Makhleb
Nemelex Xobeh
Trog

Shops:
D:2 (   D:7 ?

Annotations:
D:3 3 runed translucent doors, Glokmah's ghost, amateur GrEE; murderhobo's ghost, amateur DEAE
D:5 3 runed translucent doors, Gargoyl's ghost, novice GnAK
D:7 1 runed translucent door, BlueGoblin's ghost, novice DDFi


Innate Abilities, Weirdness & Mutations

You have razor-sharp teeth.
Your natural rate of healing is unusually fast.
When hurt, damage is shared between your health and your magic reserves.
Your bite disrupts and absorbs the magic of your enemies.
Potions cannot restore your health.


Message History

You hit the meliai.
The meliai is moderately wounded.
You feel very sick. The meliai barely misses you. The meliai misses you.
The meliai calls down the wrath of its god upon you.
Something smites you!
* * * LOW HITPOINT WARNING * * *
Your shield and chain mail of the Worm prevent you from hitting the meliai.
You bite the meliai. You drain its power.
You feel invigorated.
The meliai is heavily wounded.
You feel very sick. The meliai hits you but does no damage.
The meliai stings you but does no damage.
You block the meliai's attack. x2
You miss the meliai. Your bite misses the meliai.
The meliai is heavily wounded.
You feel very sick. The meliai hits you with a +0 war axe.
* * * LOW HITPOINT WARNING * * *
The meliai stings you but does no damage.
You block the meliai's attack. x2
You closely miss the meliai.
The meliai is heavily wounded.
You feel sick. The meliai hits you but does no damage.
You block the meliai's attack. x2
The meliai stings you but does no damage.
You hit the meliai.
The meliai is heavily wounded.
You feel sick. You block the meliai's attack.
The meliai stings you but does no damage.
The meliai mumbles some strange prayers to its god against you.
Something smites you!
* * * LOW HITPOINT WARNING * * *
The meliai barely misses you. You block the meliai's attack.
You slash the meliai! You bite the meliai, but do no damage.
The meliai is almost dead.
You feel sick.
The meliai invokes the aid of its god against you.
Something smites you!
You die...

##.# ###..##......###.##
#..###.................# ###
....###...........#....# #.##
.................[#....# ###..##
##.....................###.....##
###...#.................#...#...#
.....###......#............###.##
.....####.............^....##..#
..#..##...##...y@).......###...##
............#..#........##......#
..............###...........###..
................#........).......
....................#............
..................###............
...............#.## ##....###....
..............##..####....###....
.............>......##..........#


You could see a meliai.

Vanquished Creatures
  Erica (D:9)
  A centaur warrior (D:11)
  2 two-headed ogres
  3 death yaks (D:8)
  Urug (D:10)
  A manticore (D:10)
  An ugly thing (D:10)
  A cyclops (D:12)
  An unseen horror (D:12)
  3 trolls
  2 meliai (D:12)
  9 slime creatures
  A hornet (D:9)
  A shadow (D:12)
  25 yaks
  A steam dragon (D:7)
  An acid dragon (D:10)
  A water moccasin (D:8)
  2 sky beasts
  An orc warrior (D:9)
  4 ogres
  2 centaurs
  3 kobold brigands
  A bullfrog (D:6)
  3 scorpions
  2 wyvern zombies
  2 water moccasin zombies (Ossuary)
  A water moccasin skeleton (D:5)
  A killer bee (D:12)
  3 howler monkeys
  5 bullfrog zombies
  5 centaur zombies
  A centaur skeleton (D:7)
  2 hounds
  5 orc priests
  A gnoll shaman (D:5)
  3 iguanas
  7 orc wizards
  2 hell rats (D:8)
  3 killer bee zombies
  20 mummies (Ossuary)
  A howler monkey zombie (D:7)
  A howler monkey skeleton (D:7)
  9 gnolls
  A river rat (D:8)
  6 adders
  A shadow imp (D:8)
  2 white imps (D:6)
  An ufetubus (D:5)
  An adder skeleton (D:5)
  2 worms
  3 dart slugs
  49 orcs
  5 bats
  8 endoplasms
  3 giant cockroaches
  5 goblins
  12 hobgoblins
  13 jackals
  9 quokkas
  8 ball pythons
  A frilled lizard (D:3)
  23 kobolds
  7 rats
306 creatures vanquished.

Vanquished Creatures (others)
  10 plants (D:1)
  3 withered plants (Ossuary)
13 creatures vanquished.

Grand Total: 319 creatures vanquished

Notes
Turn   | Place    | Note
-------+----------+-------------------------------------------
     0 | D:1      | 27snakeeyes612 the Vine Stalker Fighter began the quest for
                  | the Orb.
     0 | D:1      | Reached XP level 1. HP: 11/11 MP: 2/2
   303 | D:1      | Reached XP level 2. HP: 16/16 MP: 3/3
   885 | D:1      | Found a faded altar of an unknown god.
  1189 | D:2      | Reached XP level 3. HP: 19/19 MP: 4/4
  1211 | D:2      | Found Lutaostenny's Weapon Shoppe.
  1600 | D:2      | Gained mutation: Your natural rate of healing is unusually
                  | fast. [Vine Stalker growth]
  1600 | D:2      | Reached XP level 4. HP: 18/24 MP: 3/5
  2147 | D:3      | Reached XP level 5. HP: 25/28 MP: 1/6
  2700 | D:3      | Reached XP level 6. HP: 32/32 MP: 7/7
  2857 | D:3      | Found a runed translucent gate.
  2857 | D:3      | Found a runed translucent gate.
  2857 | D:3      | Found a runed translucent gate.
  2870 | D:3      | Noticed Glokmah's ghost (amateur GrEE)
  2870 | D:3      | Noticed murderhobo's ghost (amateur DEAE)
  3441 | D:4      | Found a sand-covered staircase.
  3450 | Ossuary  | Entered an ossuary
  3477 | Ossuary  | Reached XP level 7. HP: 31/37 MP: 8/8
  3551 | Ossuary  | HP: 1/38 [bog mummy (12)]
  3555 | Ossuary  | Gained mutation: You have razor-sharp teeth. [Vine Stalker
                  | growth]
  3555 | Ossuary  | Reached XP level 8. HP: 7/42 MP: 1/9
  3773 | Ossuary  | Reached skill level 5 in Shields
  3794 | D:4      | Reached skill level 5 in Axes
  4121 | D:4      | Reached skill level 5 in Fighting
  4311 | D:5      | Entered Level 5 of the Dungeon
  4446 | D:5      | Reached skill level 5 in Armour
  4626 | D:5      | Found a runed translucent gate.
  4627 | D:5      | Found a runed translucent gate.
  4628 | D:5      | Found a runed translucent gate.
  4630 | D:5      | Noticed Gargoyl's ghost (novice GnAK)
  4927 | D:6      | Reached XP level 9. HP: 47/47 MP: 8/10
  5019 | D:6      | Found a bloodstained altar of Trog.
  5019 | D:6      | Found a sparkling altar of Nemelex Xobeh.
  5020 | D:6      | Found a blossoming altar of Fedhas.
  5071 | D:6      | Found a burning altar of Makhleb.
  5123 | D:6      | Found an ancient bone altar of Kikubaaqudgha.
  5159 | D:6      | Became a worshipper of Makhleb the Destroyer
  5650 | D:7      | Found a staircase to the Ecumenical Temple.
  5700 | D:7      | Found a runed translucent door.
  5700 | D:7      | Noticed BlueGoblin's ghost (novice DDFi)
  5974 | D:7      | Found Sialipp's Magic Scroll Emporium.
  6162 | D:7      | Reached XP level 10. HP: 46/53 MP: 11/11
  6308 | D:8      | Noticed a two-headed ogre
  6311 | D:8      | Killed a two-headed ogre
  6551 | D:8      | Found an opulent altar of Gozag.
  7055 | D:9      | Noticed Erica
  7070 | D:9      | Killed Erica
  7070 | D:9      | Reached * piety under Makhleb
  7325 | D:9      | Noticed a death yak
  7328 | D:9      | Noticed a death yak
  7329 | D:9      | Noticed a death yak
  7344 | D:8      | Killed a death yak
  7382 | D:8      | Killed a death yak
  7448 | D:8      | Killed a death yak
  7449 | D:8      | Reached XP level 11. HP: 58/60 MP: 12/12
  7461 | D:9      | Found a staircase to the Lair.
  7799 | D:10     | Entered Level 10 of the Dungeon
  8023 | D:10     | Reached ** piety under Makhleb
  8132 | D:10     | Noticed a brown ugly thing
  8140 | D:10     | Noticed Urug
  8569 | D:10     | Killed Urug
  8586 | D:10     | Killed a brown ugly thing
  8622 | D:10     | Noticed a manticore
  8629 | D:10     | Killed a manticore
  9119 | D:11     | Noticed a centaur warrior
  9127 | D:11     | Killed a centaur warrior
  9128 | D:11     | Reached XP level 12. HP: 66/66 MP: 11/13
  9388 | D:12     | Identified the +6 chain mail of the Worm {rPois rN+ Dex-3}
  9489 | D:12     | Found a staircase to the Orcish Mines.
  9524 | D:12     | Noticed a two-headed ogre
  9534 | D:12     | Killed a two-headed ogre
  9792 | D:12     | Reached *** piety under Makhleb
  9829 | D:12     | HP: 2/67 [meliai/divine providence (7)]
  9830 | D:12     | Killed from afar by a meliai

Illustrated notes

Levels and vault maps discovered:
D:1:      matt_arrival_grand_opening, layout_rooms,
          shapermc_ecumenical_altar_starsandcircs, corexii_corridor_pit,
          serial_bayou_lagoon_a
D:2:      layout_loops_ring, serial_shops, nicolae_shop_crystal,
          chequers_garden, minmay_close_crescents
D:3:      layout_loops_ring, gammafunk_ghost_cemetery,
          minmay_misc_feat_diagonals, serial_bayou_pond_d
D:4:      layout_gridville, enter_ossuary_1
D:5:      layout_rooms, ebering_ghost_rock_garden, grunt_ministairs_4
D:6:      layout_loops_cross, lemuel_doored_altar,
          chequers_temple_overflow_statue_of_worship,
          nicolae_kikubaaqudgha_miasma_corner
D:7:      layout_basic, temple_doors_e, serial_shops, shop,
          hellmonk_ghost_happy_afterlife
D:8:      layout_gridville, grunt_gozag_breadcrumbs, minivault_23
D:9:      layout_irregular_city, dpeg_lair_monsters, uniq_erica
D:10:     layout_layer_cave, hangedman_abyss_or_decor_lesser_grid,
          minmay_misc_feat_alley, minivault_20, hellmonk_bongcloud_opening,
          hangedman_decor_riveting, uniq_urug
D:11:     layout_big_octagon
D:12:     minmay_gate_of_8, layout_cave_pools, orc_0_dummy, special_room
          [special_room_bee]

Skill      XL: |  1  2  3  4  5  6  7  8  9 10 11 |
---------------+----------------------------------+-----
Shields        | 3 4 5 6 8 9 |  9.6
Axes           | 2 3 4 5 6 8 9 |  9.6
Fighting       | 3 4 5 6 8 9 |  9.6
Armour         | 3 4 5 6 7 8 |  8.8
Dodging        | |  0.6

Action                   |  1- 3 |  4- 6 |  7- 9 | 10-12 || total
-------------------------+-------+-------+-------+-------++-------
Melee: War axe           |    90 |   155 |   286 |   282 ||   813
       Bite              |    23 |    51 |   123 |   104 ||   301
       Hand axe          |       |       |    34 |       ||    34
Evoke: Wand              |       |       |       |     9 ||     9
  Use: Potion            |       |       |     1 |       ||     1
       Scroll            |       |       |    10 |     3 ||    13
Armor: Scale mail        |    21 |       |       |       ||    21
       Chain mail        |    40 |   104 |   181 |   186 ||   511
Dodge: Dodged            |    29 |    38 |   104 |   111 ||   282
Block: Kite shield       |    65 |    81 |   182 |   228 ||   556

Table legend: (Time is in decaauts)
 A = Elapsed time spent in this place.
 B = Non-inter-level travel time spent in this place.
 C = Inter-level travel time spent in this place.
 D = Time resting spent in this place.
 E = Time spent auto-exploring this place.
 F = Levels seen in this place.
 G = Mean time per level.
                   A        B        C        D        E       F      G
               +--------+--------+--------+--------+--------+-----+--------+
         Total |  10229 |   9761 |    468 |    210 |   7467 |  13 |  786.8 |
       Dungeon |   9815 |   9347 |    468 |    204 |   7326 |  12 |  817.9 |
       Ossuary |    413 |    413 |      0 |      6 |    140 |   1 |  413.0 |
               +--------+--------+--------+--------+--------+-----+--------+

Top non-repeatable levels by time:
     D:1: 1206 daAuts
    D:10: 1149 daAuts
     D:3: 1103 daAuts
     D:2: 951 daAuts
     D:4: 918 daAuts
     D:8: 847 daAuts
     D:6: 785 daAuts
     D:7: 761 daAuts
     D:9: 694 daAuts
    D:12: 514 daAuts
     D:5: 492 daAuts
 Ossuary: 413 daAuts
    D:11: 391 daAuts
